cohdb
Replays
Latest Replays
All Replays
Popular Replays
Top Player Replays
Match Explorer
How It Works
Community
CoH3 Stats
Reddit
Sign in to upload your games and track your stats! →
Sign in with Steam
Match 37909447
Unlisted
Match 37909447
Overview
Messages
Build Orders
End
Construct Section Command Post
Vickers Machine Gun Team
Selects Air and Sea Battlegroup
ML 3-inch Mortar Team
Infantry Section
Infantry Section
Construct Platoon Command Post
Selects Supply Surplus
Construct Resource Cache
CMP 15cwt Truck
Construct Field Infirmary
Construct Company Command Post
Construct Resource Cache
Unlock M3 Grant Medium Tanks
Selects Centaur Medium Tank
Construct Field Infirmary
M3 Grant Medium Tank
Forward Retreat Point
M3 Grant Medium Tank
Armored Vehicle Training
M3 Grant Medium Tank
Derek Doon
this profile name wasn't taken
[GG]Quiq
Nognor
Severn
Zorg
0
0
Comments
sign in to comment!
No comments posted yet!